 Dungeon Crawl Stone Soup version 0.30-a0-165-g1891117ce2 (webtiles) character file.

Game seed: 8987136690087482214

1498 qw the Cleaver (level 8, -10/51 HPs)
             Began as a Gargoyle Fighter on Sept 28, 2022.
             Was an Initiate of Okawaru.
             Killed by divine providence
             ... invoked by an orc priest
              (12 damage)
             ... on level 6 of the Dungeon.
             The game lasted 00:02:22 (6207 turns).

qw the Cleaver (Gargoyle Fighter)                   Turns: 6207, Time: 00:02:22

Health: -10/51     AC: 23    Str: 21    XL:     8   Next: 81%
Magic:  8/8        EV:  7    Int: 10    God:    Okawaru [......]
Gold:   287        SH:  4    Dex:  9    Spells: 7/7 levels left

rFire   . . .      SeeInvis .    Y - +2 war axe (protect)
rCold   . . .      Faith    .    c - +0 buckler
rNeg    + . .      Spirit   .    a - +0 chain mail
rPois   inf        Reflect  .    (no helmet)
rElec   +          Harm     .    h - +0 cloak
rCorr   .          Rampage  .    (no gloves)
Will    .....                    (no boots)
Stlth   ..........               (no amulet)
HPRegen 0.17/turn                (no ring)
MPRegen 0.11/turn                (no ring)

@: under a protective aura
A: sickness immunity, AC +5, negative energy resistance 1, electricity
resistance, torment resistance 1, petrification resistance
a: Renounce Religion


You were on level 6 of the Dungeon.
You worshipped Okawaru.
Okawaru was noncommittal.
You visited 2 branches of the dungeon, and saw 7 of its levels.

You collected 287 gold pieces.


Innate Abilities, Weirdness & Mutations

You are immune to sickness and miasma.
Your stone body is resilient. (AC +5)
You are immune to poison.
You resist negative energy. (rN+)
You are resistant to electric shocks. (rElec)
You are resistant to unholy torment.
You are immune to petrification.


   Skills:
 - Level 6.1 Fighting
 + Level 8.5 Axes
 - Level 4.1 Armour
 - Level 1.1 Dodging
 - Level 3.2 Shields


You had 7 spell levels left.
You didn't know any spells.
Your spell library was empty.

Inventory:

Hand Weapons
 b - a +1 flail of draining
 Y - a +2 war axe of protection (weapon)
Armour
 a - a +0 chain mail (worn)
 c - a +0 buckler (worn)
 h - a +0 cloak (worn)
Scrolls
 i - 3 scrolls of identify
Potions
 d - 3 potions of might
 e - a potion of cancellation
 f - 2 potions of curing
 g - a potion of berserk rage {unknown}
 j - a potion of haste

Dungeon Overview and Level Annotations

Branches:
Dungeon (6/15)             Temple (1/1) D:6

Altars:
Ashenzari
Cheibriados
Dithmenos
Fedhas
Hepliaklqana
Kikubaaqudgha
Makhleb
Nemelex Xobeh
Okawaru
Qazlal
Ru
Sif Muna
Uskayaw
Vehumet
Wu Jian
Xom
Yredelemnul
Zin
The Shining One

Annotations:
D:5 2 runed translucent doors, qw's ghost, amateur GrFi
D:6 3 runed translucent doors, qw's ghost, novice GrFi


Message History

Okawaru accepts your kill.
The orc priest mumbles some strange prayers to Beogh against you.
Beogh smites you!
The orc warrior hits you but does no damage.
The bullfrog zombie hits you but does no damage.
Your Armour skill increases to level 4!
You slash the bullfrog zombie!
The bullfrog zombie is heavily damaged.
The orc warrior hits you from afar with a +2 glaive of venom!
The bullfrog zombie barely misses you.
The orc priest casts a cantrip, but nothing happens.
The orc warrior hits you from afar with a +2 glaive of venom!
You hit the bullfrog zombie.
The bullfrog zombie is heavily damaged.
The bullfrog zombie hits you but does no damage.
The orc warrior barely misses you.
An orc comes into view. It is wielding a +0 flail.
The bullfrog zombie closely misses you.
You slash the bullfrog zombie!
The bullfrog zombie is almost destroyed.
The bullfrog zombie barely misses you. The orc warrior barely misses you.
You hit the bullfrog zombie.
The bullfrog zombie is almost destroyed.
The bullfrog zombie barely misses you. You block the orc warrior's attack.
You slash the orc!
You kill the orc!
Okawaru accepts your kill.
The orc warrior hits you from afar with a +2 glaive of venom.
The hornet zombie closely misses you.
You hit the hornet zombie but do no damage.
The orc warrior hits you from afar with a +2 glaive of venom.
The hornet zombie hits you but does no damage.
You barely miss the hornet zombie.
The hornet zombie hits you but does no damage.
The orc warrior hits you but does no damage.
You barely miss the hornet zombie. You block the hornet zombie's attack.
The orc priest invokes the aid of Beogh against you.
Beogh smites you!
You die...

.#.###.#######.# .#
#.#######)#
.#.###.......#.#
.#.....#####.#.# .
.#####.......#.# #8.
.#.###.........### ....
.................+ .....
.#......####.#.###o.....
..........#.....@ZZo....
#########.####.###Z.....
P.P.. ... #.# .....
P...# #.##.#.# ....
....# ........ ... .....
#.....## .. .#..#
#.....####. . .....
#...........
.#....###....).....#


You could see an orc warrior, an orc priest, a bullfrog zombie, a hornet zombie
and a bullfrog skeleton.

Vanquished Creatures
  Grinder (D:5)
  2 black bears (D:5)
  An ogre (D:5)
  A centaur (D:5)
  Blork the orc (D:6)
  5 wights (D:4)
  4 killer bees (D:6)
  A bullfrog zombie (D:6)
  4 hounds
  A jelly (D:5)
  2 iguanas
  2 orc wizards
  3 adders
  3 river rats (D:4)
  2 white imps
  2 worms
  2 dart slugs (D:5)
  10 orcs
  10 bats
  9 endoplasms
  6 giant cockroaches
  9 goblins
  A hobgoblin (D:1)
  11 jackals
  10 kobolds
  4 quokkas
  10 ball pythons
  4 frilled lizards
  9 rats
130 creatures vanquished.

Vanquished Creatures (others)
  2 withered plants (D:6)
2 creatures vanquished.

Grand Total: 132 creatures vanquished

Notes
Turn   | Place    | Note
-------+----------+-------------------------------------------
     0 | D:1      | qw the Gargoyle Fighter began the quest for the Orb.
     0 | D:1      | Reached XP level 1. HP: 14/14 MP: 1/1
     0 | D:1      | 0 ||| qw: Version: 0.2-a-12-gaebbb33
     0 | D:1      | 0 ||| qw: Game counter: 790
     0 | D:1      | 0 ||| qw: Always use a shield: true
     0 | D:1      | 0 ||| qw: God list: Okawaru
     0 | D:1      | 0 ||| qw: Allow faded altars: false
     0 | D:1      | 0 ||| qw: Do Orc after D:15 true
     0 | D:1      | 0 ||| qw: Do second Lair branch before Depths: true
     0 | D:1      | 0 ||| qw: Lair rune preference: random
     0 | D:1      | 0 ||| qw: Plans: Normal, Zot:1-4, God:TSO, Crypt, Tomb,
                  | Pan, Slime:5, Hells, Abyss, Orb
     0 | D:1      | 0 ||| PLANNING D:1-11
    40 | D:1      | Reached skill level 2 in Axes
   185 | D:1      | 185 ||| Stepping ~*~*~tactically~*~*~ (stealth).
   186 | D:1      | 186 ||| Stepping ~*~*~tactically~*~*~ (stealth).
   200 | D:1      | Reached XP level 2. HP: 19/19 MP: 2/2
   333 | D:1      | 333 ||| DROPPING +0 club.
   654 | D:1      | Reached skill level 3 in Axes
   809 | D:1      | Reached XP level 3. HP: 23/23 MP: 3/3
   891 | D:1      | 891 ||| Stepping ~*~*~tactically~*~*~ (stealth).
  1123 | D:1      | 1123 ||| READING scroll labelled DILAODETZY.
  1124 | D:1      | 1124 ||| READING scroll labelled DANTUB CIAP.
  1125 | D:1      | 1125 ||| READING scroll labelled IFOLIDAULUT.
  1205 | D:2      | Found a shimmering altar of Xom.
  1276 | D:2      | Identified the +2 robe "Wemiylag" {rElec Dex+5}
  1308 | D:2      | 1308 ||| Stepping ~*~*~tactically~*~*~ (stealth).
  1317 | D:2      | 1317 ||| Stepping ~*~*~tactically~*~*~ (stealth).
  1867 | D:2      | Reached skill level 4 in Axes
  1867 | D:2      | Reached XP level 4. HP: 20/28 MP: 4/4
  2100 | D:2      | You fall into a shaft and drop 2 floors!
  2102 | D:4      | 2102 ||| PLANNING SEWER
  2129 | D:4      | 2129 ||| Stepping ~*~*~tactically~*~*~ (stealth).
  2136 | D:4      | 2136 ||| Stepping ~*~*~tactically~*~*~ (stealth).
  2380 | D:4      | 2380 ||| DROPPING +0 whip.
  2381 | D:4      | 2381 ||| DROPPING +0 flail.
  2513 | D:4      | Reached XP level 5. HP: 32/32 MP: 5/5
  2718 | D:4      | 2718 ||| RIP SEWER
  2726 | D:4      | 2726 ||| PLANNING D:1-11
  2726 | D:4      | 2726 ||| READING scroll labelled MARUON IBOATH.
  2727 | D:4      | 2727 ||| READING scroll labelled SOISTR YSOTA.
  2728 | D:4      | 2728 ||| READING scroll labelled BUTUADGHA LOENO.
  2729 | D:4      | 2729 ||| READING scroll labelled WIUNNUFUCRIO.
  2730 | D:4      | 2730 ||| DRINKING 2 grey potions.
  2731 | D:4      | 2731 ||| DRINKING 2 sapphire potions.
  2832 | D:4      | 2832 ||| READING 4 scrolls of identify.
  2832 | D:4      | 2832 ||| IDENTIFYING fizzy coppery potion
  2833 | D:4      | 2833 ||| READING 3 scrolls of identify.
  2833 | D:4      | 2833 ||| IDENTIFYING ruby potion
  2834 | D:4      | 2834 ||| READING 2 scrolls of identify.
  2834 | D:4      | 2834 ||| IDENTIFYING puce potion
  2835 | D:4      | 2835 ||| DROPPING potion of ambrosia.
  3024 | D:3      | 3024 ||| Stepping ~*~*~tactically~*~*~ (stealth).
  3068 | D:3      | 3068 ||| UPGRADING to +0 chain mail.
  3078 | D:3      | 3078 ||| DROPPING +0 scale mail.
  3170 | D:3      | 3170 ||| STAIRDANCE
  3257 | D:3      | Found a hazy altar of Hepliaklqana.
  3397 | D:3      | 3397 ||| Stepping ~*~*~tactically~*~*~ (stealth).
  3445 | D:3      | Reached skill level 5 in Axes
  3597 | D:3      | 3597 ||| READING scroll labelled MACZEA FOSOICU.
  3598 | D:3      | 3598 ||| READING 4 scrolls of identify.
  3598 | D:3      | 3598 ||| IDENTIFYING golden potion
  3599 | D:3      | 3599 ||| READING 3 scrolls of identify.
  3599 | D:3      | 3599 ||| IDENTIFYING clear potion
  3600 | D:3      | 3600 ||| DROPPING potion of brilliance.
  3601 | D:3      | 3601 ||| DROPPING potion of magic.
  3817 | D:4      | Reached XP level 6. HP: 28/39 MP: 6/6
  3909 | D:4      | HP: 8/39 [wight/+4 dire flail of freezing (6)]
  3910 | D:4      | 3910 ||| DRINKING 4 potions of heal wounds.
  3914 | D:4      | HP: 8/39 [wight/+4 trident (5)]
  3915 | D:4      | 3915 ||| DRINKING 3 potions of heal wounds.
  3925 | D:4      | Reached skill level 6 in Axes
  3925 | D:4      | Reached XP level 7. HP: 42/44 MP: 7/7
  4596 | D:4      | 4596 ||| READING scroll labelled IQEGAVASOFF.
  4597 | D:4      | 4597 ||| READING scroll labelled TETOXE UDAIVIT.
  4600 | D:4      | 4600 ||| READING scroll labelled LIROSA LIXKE.
  4601 | D:4      | 4601 ||| READING 2 scrolls of identify.
  4601 | D:4      | 4601 ||| IDENTIFYING blue potion
  4602 | D:4      | 4602 ||| DROPPING potion of degeneration.
  4610 | D:5      | Entered Level 5 of the Dungeon
  4630 | D:5      | Reached skill level 1 in Dodging
  4633 | D:5      | 4633 ||| DROPPING +1 vorpal flail.
  4774 | D:5      | Found a sparkling altar of Nemelex Xobeh.
  4796 | D:5      | Noticed Grinder
  4797 | D:5      | 4797 ||| Stepping ~*~*~tactically~*~*~ (hiding).
  4798 | D:5      | 4798 ||| Stepping ~*~*~tactically~*~*~ (hiding).
  4804 | D:5      | Paralysed by Grinder for 3 turns
  4814 | D:5      | 4814 ||| FLEEEEING.
  4815 | D:5      | 4815 ||| FLEEEEING.
  4820 | D:5      | 4820 ||| FLEEEEING.
  4820 | D:5      | Paralysed by Grinder for 3 turns
  4823 | D:5      | 4823 ||| FLEEEEING.
  4824 | D:5      | 4824 ||| FLEEEEING.
  4826 | D:5      | 4826 ||| FLEEEEING.
  4830 | D:5      | Killed Grinder
  4831 | D:5      | Reached skill level 7 in Axes
  5065 | D:5      | Found a runed translucent door.
  5066 | D:5      | 5066 ||| Stepping ~*~*~tactically~*~*~ (hiding).
  5067 | D:5      | 5067 ||| Stepping ~*~*~tactically~*~*~ (hiding).
  5067 | D:5      | Noticed qw's ghost (amateur GrFi)
  5068 | D:5      | 5068 ||| Stepping ~*~*~tactically~*~*~ (hiding).
  5080 | D:5      | 5080 ||| Stepping ~*~*~tactically~*~*~ (stealth).
  5087 | D:5      | HP: 11/44 [black bear (3)]
  5088 | D:5      | 5088 ||| READING scroll of teleportation.
  5088 | D:5      | HP: 5/44 [black bear (1)]
  5089 | D:5      | 5089 ||| DRINKING 2 potions of heal wounds.
  5092 | D:5      | Reached skill level 6 in Fighting
  5092 | D:5      | Reached XP level 8. HP: 33/51 MP: 8/8
  5337 | D:5      | Identified the +2 short sword of Piumu Noka {antimagic,
                  | *Slow rF+ rC+ Str+5}
  5339 | D:5      | 5339 ||| Stepping ~*~*~tactically~*~*~ (hiding).
  5447 | D:5      | Found a runed translucent door.
  5507 | D:5      | Found a glowing silver altar of Zin.
  5778 | D:6      | 5778 ||| READING scroll of enchant weapon.
  5778 | D:6      | 5778 ||| ENCHANTING +1 war axe of protection.
  5834 | D:6      | Noticed qw's ghost (novice GrFi)
  5839 | D:6      | Found a runed translucent gate.
  5839 | D:6      | Found a runed translucent gate.
  5841 | D:6      | Found a runed translucent gate.
  5866 | D:6      | 5866 ||| Stepping ~*~*~tactically~*~*~ (stealth).
  5877 | D:6      | HP: 11/51 [killer bee (2)]
  5878 | D:6      | 5878 ||| DRINKING potion of heal wounds.
  5881 | D:6      | Reached skill level 8 in Axes
  5992 | D:6      | Found a staircase to the Ecumenical Temple.
  5993 | D:6      | 5993 ||| PLANNING TEMPLE
  5993 | D:6      | 5993 ||| UPGRADING to +0 cloak.
  6004 | Temple   | Entered the Ecumenical Temple
  6080 | Temple   | 6080 ||| PLANNING OKAWARU WORSHIP
  6095 | Temple   | Became a worshipper of Warmaster Okawaru
  6096 | Temple   | 6096 ||| PLANNING D:1-11
  6174 | D:6      | Noticed Blork the orc
  6180 | D:6      | Killed Blork the orc
  6200 | D:6      | HP: 7/51 [orc warrior/+2 glaive of venom (7)]
  6205 | D:6      | HP: 2/51 [orc warrior/+2 glaive of venom (3)]
  6207 | D:6      | Killed from afar by an orc priest

Levels and vault maps discovered:
D:1:      amcnicky_arrival_underground_garden, layout_basic, serial_bayou_pond_a
D:2:      kennysheep_big_flooded_room, layout_loops_ring, basic_altar,
          minmay_split_cup_large
D:3:      layout_loops_cross, mainiacjoe_overflow_brackets,
          minmay_misc_feat_ornament
D:4:      layout_loops_ring, gup_sewer_entry_spiral, kennysheep_generic_room_13
D:5:      layout_basic, nemelex_dance_club_becter, zin_statuary,
          ebering_ghost_sewer_f, kennysheep_cross_room, st_stairs_11,
          lemuel_flame_loot_1, uniq_grinder
D:6:      cheibrodos_iron_armory, layout_basic, minmay_temple_entry_junction_2,
          serial_undead, serial_undead_d, serial_undead_e, serial_undead_c,
          serial_undead_b, serial_undead_f, serial_undead_e,
          gammafunk_ghost_split, uniq_blork_the_orc
Temple:   lightli_temple_of_artemis

Skill      XL: |  1  2  3  4  5  6  7  8 |
---------------+-------------------------+-----
Axes           | 2 3 4 5 6 7 8 |  8.5
Fighting       | 4 6 |  6.1
Dodging        | 1 |  1.1
Armour         | 4 |  4.1
Shields        | |  3.2

Action                   |  1- 3 |  4- 6 |  7- 9 || total
-------------------------+-------+-------+-------++-------
Melee: War axe           |   171 |   159 |   177 ||   507
  Use: Scroll            |     3 |    10 |     6 ||    19
       Potion            |       |     4 |     2 ||     6
Armor: Scale mail        |   102 |    48 |       ||   150
       Chain mail        |       |    67 |   174 ||   241
Dodge: Dodged            |    87 |    72 |    91 ||   250
Block: Buckler           |    31 |    24 |    31 ||    86

Table legend:
 A = Non-vault XP
 B = Vault XP
 C = Vault XP percentage of total XP
 D = Non-vault monster count
 E = Vault monster count
 F = Vault count percentage of total count
                 A         B        C        D         E       F
            +---------+---------+-------+---------+---------+-------
      Total |    1438 |     702 |  32.8 |     108 |      22 |  16.9
            +---------+---------+-------+---------+---------+-------
        D:1 |      44 |       0 |   0.0 |      28 |       0 |   0.0
        D:2 |      58 |      10 |  14.7 |      13 |       6 |  31.6
        D:3 |      40 |       0 |   0.0 |      19 |       0 |   0.0
        D:4 |     487 |      49 |   9.1 |      24 |       8 |  25.0
        D:5 |     466 |     507 |  52.1 |      14 |       6 |  30.0
        D:6 |     343 |     136 |  28.4 |      10 |       2 |  16.7
            +---------+---------+-------+---------+---------+-------
